 Dungeon Crawl Stone Soup version 0.27.1-34-g3ba077fa99 (webtiles) character file.

Game seed: 4127990955943571552

114 alasdair19 the Shield-Bearer (level 4, -1/40 HPs)
             Began as a Minotaur Fighter on Jan 4, 2022.
             Slain by a sky beast (3 damage)
             ... on level 3 of the Dungeon.
             The game lasted 00:04:16 (1595 turns).

alasdair19 the Shield-Bearer (Minotaur Fighter)     Turns: 1595, Time: 00:04:17

Health: -1/40      AC:  7    Str: 21    XL:     4   Next: 67%
Magic:  3/3        EV:  8    Int:  6    God:
Gold:   29         SH:  9    Dex:  9    Spells: 3/3 levels left

rFire    . . .     SeeInvis .   a - +1 long sword
rCold    + . .     Faith    .   c - +0 kite shield
rNeg     . . .     Spirit   .   b - +0 scale mail
rPois    .         Reflect  .   (helmet restricted)
rElec    .         Harm     .   (no cloak)
rCorr    .         Rampage  .   (no gloves)
Will     .....                  (no boots)
Stlth    ..........             (no amulet)
HPRegen  0.13/turn              e - ring of protection from cold
MPRegen  0.08/turn              (no ring)

@: mighty
A: horns 2, retaliatory headbutt
a: no special abilities


You were on level 3 of the Dungeon.
You visited 1 branch of the dungeon, and saw 3 of its levels.

You collected 29 gold pieces.

Inventory:

Hand Weapons
 a - a +1 long sword (weapon)
Missiles
 g - 5 javelins (quivered)
Armour
 b - a +0 scale mail (worn)
 c - a +0 kite shield (worn)
Jewellery
 e - a ring of protection from cold (left hand)


   Skills:
 + Level 4.3 Fighting
 + Level 3.6 Long Blades
 + Level 0.2 Throwing
 + Level 4.3 Armour
 + Level 1.3 Dodging
 + Level 4.4 Shields


You had 3 spell levels left.
You didn't know any spells.
Your spell library was empty.

Dungeon Overview and Level Annotations

Branches:
Dungeon (3/15)

Altars:
Xom

Shops:
D:1 *:   D:3 (


Innate Abilities, Weirdness & Mutations

You have a pair of horns on your head.
You reflexively headbutt those who attack you in melee.


Message History

Found 2 red potions.
A sky beast comes into view.
You hit the sky beast. Your headbutt misses the sky beast.
The sky beast is moderately wounded.
The sky beast hits you but does no damage. x2
You miss the sky beast. You headbutt the sky beast.
The sky beast is moderately wounded.
The sky beast hits you but does no damage.
You closely miss the sky beast.
The sky beast is moderately wounded.
The sky beast hits you but does no damage.
You hit the sky beast.
The sky beast is heavily wounded.
The sky beast flickers out of sight!
Deactivating autopickup; reactivate with Ctrl-A.
Something hits you but does no damage. You block something's attack.
You miss something. Something hits you. Something shocks you.
You miss something.
Something hits you but does no damage. x2
There is a strange disturbance nearby!
You barely miss something. Something hits you but does no damage.
You completely miss something. Your headbutt misses something.
Something hits you but does no damage. Something hits you.
Something shocks you.
You barely miss something. Your headbutt misses something. Something hits you.
Something shocks you.
* * * LOW HITPOINT WARNING * * *
You miss something. You block something's attack.
Something hits you but does no damage.
You completely miss something. Your headbutt misses something.
You block something's attack.
You miss something. Your headbutt misses something.
Something hits you but does no damage.
You miss something. Something hits you but does no damage. Something hits you.
* * * LOW HITPOINT WARNING * * *
Something shocks you.
* * * LOW HITPOINT WARNING * * *
You barely miss something. You block something's attack.
You feel very mighty all of a sudden. Something hits you.
You die...

#.....####.##.##.#
###...#.#
#.##.##.#
........#
#.......#
###....##
####.#### ###..#.#
#.## .....#.# #..#
.......# ##.#
####+### #.# #@#
#.# #.# ##......#
≈+.......
#......## #..#!###
#..## #.


There were no monsters in sight!

Vanquished Creatures
  Jessica (D:2)
  2 adders (D:2)
  A worm (D:2)
  3 dart slugs
  4 orcs (D:2)
  4 bats
  5 endoplasms
  3 giant cockroaches
  2 goblins
  5 hobgoblins
  9 jackals
  A kobold (D:2)
  A quokka (D:2)
  6 ball pythons (D:2)
  3 frilled lizards
  A rat (D:1)
51 creatures vanquished.

Notes
Turn   | Place    | Note
-------+----------+-------------------------------------------
     0 | D:1      | alasdair19 the Minotaur Fighter began the quest for the
                  | Orb.
     0 | D:1      | Reached XP level 1. HP: 19/19 MP: 0/0
    46 | D:1      | Found a faded altar of an unknown god.
   274 | D:1      | Found Noxzew's Assorted Antiques.
   347 | D:1      | Found Piujuan's Book Boutique.
   375 | D:1      | Reached XP level 2. HP: 27/27 MP: 1/1
   762 | D:2      | Noticed Jessica
   772 | D:2      | Killed Jessica
   773 | D:2      | Reached XP level 3. HP: 22/33 MP: 2/2
   857 | D:2      | Reached skill level 1 in Dodging
  1021 | D:2      | Reached XP level 4. HP: 39/40 MP: 3/3
  1168 | D:2      | Found a shimmering altar of Xom.
  1533 | D:3      | Found Evosen's Weapon Shop.
  1578 | D:3      | Noticed a sky beast
  1593 | D:3      | HP: 2/40 [something (6)]
  1595 | D:3      | Slain by a sky beast

Illustrated notes

Levels and vault maps discovered:
D:1:      lightli_arrival_windingriver, layout_basic, serial_shops, shop, shop,
          ebering_ecumenical_altar_petrified, st_stairs_10, patterned_corridor
D:2:      layout_loops_ring, basic_altar, grunt_ministairs_10, uniq_jessica
D:3:      layout_loops_corners, portal_sewer_entry_c, serial_shops,
          nicolae_shop_crystal, nicolae_shop_crystal, amethyst_killhole,
          minmay_misc_feat_more_columns, uniq_terence

Skill      XL: |  1  2  3 |
---------------+----------+-----
Fighting       | 4 |  4.3
Long Blades    | 3 |  3.6
Armour         | 4 |  4.3
Shields        | 4 |  4.4
Dodging        | 1 |  1.3
Throwing       | |  0.2

Action                   |  1- 3 |  4- 6 || total
-------------------------+-------+-------++-------
Melee: Long sword        |    60 |    54 ||   114
       Headbutt          |     8 |     9 ||    17
Throw: Javelin           |     5 |     4 ||     9
  Use: Scroll            |       |     4 ||     4
       Potion            |       |     1 ||     1
Armor: Scale mail        |    38 |    30 ||    68
Dodge: Dodged            |    15 |    13 ||    28
Block: Kite shield       |    39 |    28 ||    67
       Rpst.: Long sword |     2 |     3 ||     5
